 Dungeon Crawl Stone Soup version 0.14-a0-2632-gd2f732a (webtiles) character file.

453 4tharraofdagon the Ruffian (level 6, -6/61 HPs)
             Began as a Troll Monk on Feb 15, 2014.
             Mangled by an ogre
             ... wielding a +0,+0 giant club
              (31 damage)
             ... on Level 7 of the Dungeon.
             The game lasted 00:05:11 (951 turns).

4tharraofdagon the Ruffian (Troll Monk)              Turns: 951, Time: 00:05:11

HP  -6/61        AC  5     Str 20      XL: 6   Next: 41%
MP   5/5         EV 11     Int  8      God:
Gold 85          SH  0     Dex 12      Spells:  2 memorised,  4 levels left

rFire  + . .     SeeInvis .       - Unarmed
rCold  . . .     Clarity  .     a - +0 robe
rNeg   . . .     Conserve .     (shield restricted)
rPois  .         rCorr    .     (helmet restricted)
rElec  .         rRot     .     (no cloak)
SustAb + .       Spirit   .     (gloves unavailable)
rMut   .         Warding  .     (boots unavailable)
Gourm  +         Stasis   .     (no amulet)
MR     .....                    q - ring of protection from fire
                                d - ring of sustain abilities {unknown}

@: not resistant to hostile enchantments, unstealthy
A: unfitting armour, claws 3, fast metabolism 3, gourmand, regeneration 2,
saprovore 2, shaggy fur 1, tough skin 2
a: no special abilities


You were on level 7 of the Dungeon.
You were very full.

You visited 1 branch of the dungeon, and saw 7 of its levels.

You collected 85 gold pieces.

Inventory:

Missiles
 f - 3 tomahawks (quivered)
 i - 5 large rocks
Armour
 a - a +0 robe (worn)
Magical devices
 v - a wand of lightning (8)
Comestibles
 b - 3 meat rations
 k - a bread ration
 o - a choko
 x - a slice of pizza
Scrolls
 c - 2 scrolls of random uselessness {unknown}
 h - 3 scrolls of teleportation {unknown}
 m - 2 scrolls of identify {unknown}
 n - a scroll of immolation {unknown}
 p - a scroll of remove curse {unknown}
 t - a scroll of noise {unknown}
 w - a scroll of enchant weapon I {unknown}
Jewellery
 d - a ring of sustain abilities (left claw) {unknown}
 q - a ring of protection from fire (right claw)
Potions
 e - a potion of confusion
 g - a potion of resistance {unknown}
 j - a potion of curing {unknown}
 l - a potion of mutation {unknown}
 r - 2 potions of poison {unknown}
 s - 2 potions of heal wounds
Books
 u - a book of Party Tricks

   Spells                             Type                      Level
   Summon Butterflies                 Summoning                    1
   *Apportation                       Translocation                1
   *Blink                             Translocation                2
   Alistair's Intoxication            Transmutation/Poison         4
   Tukima's Dance                     Hexes                        5


   Skills:
 + Level 3.4 Fighting
 + Level 3.4 Dodging
 - Level 1.1 Stealth
 * Level 5.9 Unarmed Combat
 + Level 1.0 Spellcasting
 + Level 0.7 Evocations


You had 4 spell levels left.
You knew the following spells:

 Your Spells              Type           Power        Failure   Level  Hunger
a - Apportation           Tloc           #.........   43%         1    ##.....
b - Blink                 Tloc           N/A          69%         2    ###....


Dungeon Overview and Level Annotations

Branches:
Dungeon (7/16)
 Temple: D:4-7

Altars:

Annotations:
D:5 Dowan


Innate Abilities, Weirdness & Mutations

You are too large for most types of armour.
You have claws for hands.
Your metabolism is lightning-fast.
You like to eat raw meat.
You heal very quickly.
You can eat rotten meat.
You are covered in fur (AC +1).
You have very tough skin (AC +2).


Message History

Reactivating autopickup.
You feel a bit more experienced.
The orc wizard is no longer bleeding.
You hit the orc wizard.
You kill the orc wizard!
Items here: %% )) [[ The orc wizard shouts!
The orc wizard gestures wildly while chanting.
The orc wizard blinks!
An ogre comes into view. It is wielding a giant club.
The ogre shouts!
Unknown command.
Unknown command.
Unknown command.
Unknown command.
You hit the ogre.
The ogre begins to bleed from its wounds!
The ogre is lightly wounded.
The ogre hits you with a giant club!
Ouch! That really hurt!
You die...

#...........#
#...........#
#...........#
#...........#
###...........#
...O...........+ .
#..o........####..
#.###########O...........
..........).@.............
#.###########.#..<........
#.#.#.####..#. #.#.#.#
#.#.#.# #.#.#.# #.#.#.#
#.#.#.# #.#.#.#


You could see an ogre (bleeding).

Vanquished Creatures
  An ice beast (D:7)
  Duvessa (D:5)
  A crimson imp (D:5)
  3 orc wizards
  A hound (D:5)
  An iguana (D:4)
  A worm (D:2)
  A giant gecko (D:2)
  6 orcs
  A bat (D:5)
  2 goblins
  4 hobgoblins
  3 jackals (D:4)
  2 quokkas
  A ball python (D:4)
  A giant newt (D:3)
  5 kobolds
  2 rats
37 creatures vanquished.

Notes
Turn   | Place    | Note
--------------------------------------------------------------
     0 | D:1      | 4tharraofdagon, the Troll Monk, began the quest for the Orb.
     0 | D:1      | Reached XP level 1. HP: 22/22 MP: 1/1
   171 | D:2      | Reached XP level 2. HP: 14/29 MP: 1/1
   370 | D:5      | Entered Level 5 of the Dungeon
   412 | D:5      | Reached XP level 3. HP: 36/36 MP: 2/2
   520 | D:4      | Reached skill level 5 in Unarmed Combat
   520 | D:4      | Reached XP level 4. HP: 29/44 MP: 2/2
   545 | D:4      | Learned a level 1 spell: Apportation
   548 | D:4      | Learned a level 2 spell: Blink
   589 | D:5      | Noticed Duvessa
   590 | D:5      | Noticed Dowan
   593 | D:5      | Killed Duvessa
   593 | D:5      | Reached XP level 5. HP: 51/53 MP: 2/2
   904 | D:7      | Noticed an ice beast
   910 | D:7      | Killed an ice beast
   910 | D:7      | Reached skill level 1 in Spellcasting
   910 | D:7      | Reached XP level 6. HP: 23/61 MP: 2/5
   943 | D:7      | Noticed an ogre
   951 | D:7      | Mangled by an ogre

Action                   |  1- 3 |  4- 6 || total
-------------------------+-------+-------++-------
Melee: Unarmed           |    57 |    58 ||   115
Evoke: Wand              |       |     1 ||     1
  Use: Potion            |     2 |       ||     2
 Stab: Sleeping          |       |     1 ||     1
